 Dungeon Crawl Stone Soup version 0.28-a0-401-ge240ad9e29 (webtiles) character file.

Game seed: 9958556131299287666

772 mistaj the Chopper (level 7, -6/64 HPs)
             Began as a Hill Orc Fighter on Sept 4, 2021.
             Mangled by Menkaure (17 damage)
             ... on level 5 of the Dungeon.
             The game lasted 00:07:19 (4640 turns).

mistaj the Chopper (Hill Orc Fighter)               Turns: 4640, Time: 00:07:20

Health: -6/64      AC: 16    Str: 19    XL:     7   Next: 83%
Magic:  7/7        EV:  5    Int: 10    God:
Gold:   209        SH:  5    Dex: 10    Spells: 6/6 levels left

rFire   . . .      SeeInvis .   a - +0 war axe
rCold   + . .      Faith    .   c - +0 buckler
rNeg    . . .      Spirit   .   u - +2 plate armour {rC+}
rPois   .          Reflect  .   l - +0 helmet
rElec   .          Harm     .   (no cloak)
rCorr   .          Rampage  .   o - +0 pair of gloves
Will    .....                   (no boots)
Stlth   ..........              (no amulet)
HPRegen 0.20/turn               (no ring)
MPRegen 0.10/turn               (no ring)

@: no status effects
A: no striking features
a: no special abilities


You were on level 5 of the Dungeon.
You visited 1 branch of the dungeon, and saw 5 of its levels.

You collected 209 gold pieces.

Inventory:

Hand Weapons
 a - a +0 war axe (weapon)
Armour
 c - a +0 buckler (worn)
 l - a +0 helmet (worn)
 o - a +0 pair of gloves (worn)
 u - a +2 plate armour of cold resistance (worn)
Scrolls
 b - a scroll of immolation {unknown}
 f - 2 scrolls of brand weapon {unknown}
 i - 2 scrolls of enchant armour {unknown}
 j - 4 scrolls of identify {unknown}
 m - 2 scrolls of enchant weapon {unknown}
 n - a scroll of blinking {unknown}
 p - 3 scrolls of teleportation {unknown}
 q - a scroll of fog {unknown}
 t - a scroll of noise {unknown}
Potions
 d - a potion of might
 e - a potion of haste {unknown}
 g - 3 potions of attraction {unknown}
 h - 2 potions of heal wounds {unknown}
 k - a potion of flight {unknown}
 r - 3 potions of cancellation {unknown}
 s - a potion of mutation {unknown}


   Skills:
 + Level 6.9 Fighting
 + Level 6.9 Axes
 + Level 4.4 Armour
 - Level 5.4 Shields


You had 6 spell levels left.
You didn't know any spells.
Your spell library contained the following spells:

 Spells                   Type           Power      Damage    Failure   Level
 Corpse Rot               Necr/Air       N/A        N/A       100%        2
 Poisonous Vapours        Pois/Air       0%         N/A       100%        2
 Conjure Flame            Conj/Fire      0%         6-21      100%        3
 Ignite Poison            Fire/Tmut/Pois 0%         N/A       100%        3
 Portal Projectile        Hex/Tloc       0%         N/A       100%        3
 Sticky Flame             Conj/Fire      0%         2d3       100%        4
 Summon Ice Beast         Ice/Summ       0%         N/A       100%        4
 Blade Hands              Tmut           0%         N/A       100%        5
 Excruciating Wounds      Necr           0%         N/A       100%        5
 Summon Mana Viper        Hex/Summ       0%         N/A       100%        5
 Monstrous Menagerie      Summ           0%         N/A       100%        7


Dungeon Overview and Level Annotations

Branches:
Dungeon (5/15)             Temple (0/1) D:5

Altars:
Zin

Annotations:
D:5 Menkaure


Message History

Menkaure gestures wildly while chanting.
Menkaure seems to speed up.
You miss the quokka.
The quokka is moderately wounded.
The quokka bites you but does no damage. x2
You hit the quokka.
The quokka is almost dead.
The quokka bites you but does no damage.
You hit the quokka.
You kill the quokka!
The adder bites you but does no damage.
Menkaure calls on the powers of darkness!
The adder convulses!
Your body is wracked with pain!
You closely miss the adder.
The adder is moderately wounded.
The adder bites you but does no damage.
You slash the adder!
You kill the adder!
Menkaure barely misses you.
You hit Menkaure but do no damage.
Menkaure calls on the powers of darkness!
Your body is wracked with pain!
* * * LOW HITPOINT WARNING * * *
You hit Menkaure.
Menkaure is moderately damaged.
Menkaure completely misses you. Menkaure hits you but does no damage.
You hit Menkaure.
Menkaure is moderately damaged.
Menkaure hits you but does no damage.
You completely miss Menkaure.
Menkaure is moderately damaged.
You block Menkaure's attack.
You slash Menkaure!
Menkaure is severely damaged.
Menkaure hits you but does no damage. Menkaure hits you!
* * * LOW HITPOINT WARNING * * *
You hit Menkaure.
Menkaure is severely damaged.
Menkaure hits you!
You die...

...$......# #...# #...>...#.#
#?.#...# ..........# #.?#._.'
#...M...#.# #..#...#
..........# #...# .#.#.#S#.#
### ##### ..........# #.###
##
#.####...############...####.
..........M@................
####################........
#........ #########


You could see Menkaure (fast).

Vanquished Creatures
  2 necrophages (D:5)
  A phantom (D:4)
  2 scorpions (D:4)
  A howler monkey (D:4)
  2 hounds
  Terence (D:3)
  An iguana (D:3)
  A scorpion zombie (D:5)
  2 hound zombies (D:5)
  A howler monkey zombie (D:5)
  4 gnolls (D:2)
  An adder (D:5)
  A white imp (D:5)
  2 adder skeletons (D:4)
  3 worms
  7 dart slugs
  11 orcs
  5 bats
  4 endoplasms
  4 giant cockroaches
  8 goblins
  11 hobgoblins
  6 jackals
  4 quokkas
  11 ball pythons
  2 frilled lizards
  5 kobolds
  10 rats
113 creatures vanquished.

Notes
Turn   | Place    | Note
-------+----------+-------------------------------------------
     0 | D:1      | mistaj the Hill Orc Fighter began the quest for the Orb.
     0 | D:1      | Reached XP level 1. HP: 19/19 MP: 1/1
    41 | D:1      | Reached XP level 2. HP: 25/27 MP: 2/2
   406 | D:1      | Reached XP level 3. HP: 33/33 MP: 3/3
   545 | D:1      | Found a faded altar of an unknown god.
  1230 | D:2      | Reached XP level 4. HP: 36/41 MP: 4/4
  1856 | D:3      | Reached XP level 5. HP: 37/47 MP: 5/5
  1989 | D:3      | Noticed Terence
  1992 | D:3      | Reached skill level 5 in Fighting
  2003 | D:3      | Killed Terence
  3066 | D:4      | Reached skill level 5 in Axes
  3066 | D:4      | Reached XP level 6. HP: 50/56 MP: 6/6
  4075 | D:4      | Reached XP level 7. HP: 61/63 MP: 7/7
  4238 | D:5      | Entered Level 5 of the Dungeon
  4293 | D:5      | Reached skill level 5 in Shields
  4408 | D:5      | Found a glowing silver altar of Zin.
  4616 | D:5      | Found a staircase to the Ecumenical Temple.
  4618 | D:5      | Noticed Menkaure
  4640 | D:5      | Mangled by Menkaure

Illustrated notes

Levels and vault maps discovered:
D:1:      heliophobic_arrival_henge, layout_loops_ring,
          ebering_ecumenical_altar_hall
D:2:      layout_rooms
D:3:      layout_basic, hex_intersection, chequers_serial_rivers_large_a,
          uniq_terence
D:4:      layout_layer_cave
D:5:      cheibrodos_helix_gallery, layout_gridville, zin_scriptorium,
          minmay_temple_entry_glass, uniq_eustachio, uniq_menkaure, uniq_duvessa

Skill      XL: |  1  2  3  4  5  6  7 |
---------------+----------------------+-----
Axes           | 3 4 5 6 |  6.9
Fighting       | 4 5 6 |  6.9
Armour         | 4 |  4.4
Shields        | 4 5 |  5.4

Action                   |  1- 3 |  4- 6 |  7- 9 || total
-------------------------+-------+-------+-------++-------
Melee: War axe           |    86 |   176 |    59 ||   321
Armor: Scale mail        |    32 |       |       ||    32
       Chain mail        |    13 |    97 |    11 ||   121
       Plate armour      |       |       |    35 ||    35
Dodge: Dodged            |    36 |    47 |    16 ||    99
Block: Buckler           |    16 |    36 |    10 ||    62

Table legend: (Time is in decaauts)
 A = Elapsed time spent in this place.
 B = Non-inter-level travel time spent in this place.
 C = Inter-level travel time spent in this place.
 D = Time resting spent in this place.
 E = Time spent auto-exploring this place.
 F = Levels seen in this place.
 G = Mean time per level.
                   A        B        C        D        E       F      G
               +--------+--------+--------+--------+--------+-----+--------+
         Total |   4736 |   4639 |     97 |   1088 |   2468 |   5 |  947.2 |
       Dungeon |   4736 |   4639 |     97 |   1088 |   2468 |   5 |  947.2 |
               +--------+--------+--------+--------+--------+-----+--------+

Top non-repeatable levels by time:
     D:4: 1297 daAuts
     D:3: 1200 daAuts
     D:2: 918 daAuts
     D:1: 909 daAuts
     D:5: 411 daAuts
